 Dungeon Crawl Stone Soup version 0.18.1-48-g4cf74bf (webtiles) character file.

1290 Alarkh the Spear-Bearer (level 8, -6/56 HPs)
             Began as a Mummy Skald on July 25, 2016.
             Was an Initiate of Gozag.
             Shot with an arrow by a centaur (15 damage)
             ... on level 5 of the Dungeon.
             The game lasted 00:08:10 (4423 turns).

Alarkh the Spear-Bearer (Mummy Skald)               Turns: 4423, Time: 00:08:11

Health: -6/56      AC:  5    Str: 15    XL:     8   Next: 30%
Magic:  0/11       EV: 11    Int: 14    God:    Gozag
Gold:   99         SH:  0    Dex: 11    Spells: 3 memorised, 5 levels left

rFire  . . .     SeeInvis .     l - +2 spear (flame)
rCold  + . .     Gourm    .     p - +0 robe {rF+}
rNeg   + + +     Faith    .     (no shield)
rPois  ∞         Spirit   +     h - +0 helmet
rElec  .         Dismiss  .     m - +0 cloak
rCorr  .         Reflect  .     (no gloves)
SustAt .         Harm     .     o - +0 pair of boots
MR     +....                    s - amulet of guardian spirit
Stlth  +.........               (no ring)
                                (no ring)

@: somewhat resistant to hostile enchantments, very unstealthy
A: no food or potions, fire vulnerability, cold resistance 1, negative energy
resistance 3, torment resistance, unbreathing
a: Potion Petition, Call Merchant, Bribe Branch, Renounce Religion


You were on level 5 of the Dungeon.
You worshipped Gozag.
Gozag was noncommittal.
You were not hungry.

You visited 2 branches of the dungeon, and saw 6 of its levels.

You collected 337 gold pieces.
You spent 171 gold pieces at shops.
You paid 67 gold pieces to Gozag.

Inventory:

Hand Weapons
 a - a +0 spear
 j - a +0 trident
 l - a +2 spear of flaming (weapon)
Armour
 b - a +0 leather armour
 h - a +0 helmet (worn)
 m - a +0 cloak (worn)
 o - a +0 pair of boots (worn)
 p - a +0 robe of fire resistance (worn)
 t - the +2 robe "Naosu" {Str+4}
   (You bought it in a shop on level 5 of the Dungeon)

   It affects your strength (+4).
Jewellery
 s - an amulet of guardian spirit (around neck)
Wands
 i - a wand of digging (14/24)
Scrolls
 d - a scroll of recharging
 e - a scroll of amnesia
 f - a scroll of identify
 g - 3 scrolls of fog
 k - a scroll of fear {unknown}
 n - 2 scrolls of remove curse
 r - a scroll of noise {unknown}
Books
 c - a book of Battle

   Spells                             Type                      Level
   a - Infusion                       Charms                       1
   b - Shroud of Golubria             Charms/Translocation         2
   c - Song of Slaying                Charms                       2
   d - Spectral Weapon                Hexes/Charms                 3
   e - Regeneration                   Charms/Necromancy            3
 q - a book of Beasts

   Spells                             Type                      Level
   a - Summon Butterflies             Summoning                    1
   b - Call Canine Familiar           Summoning                    3
   c - Summon Ice Beast               Ice/Summoning                4
   d - Summon Mana Viper              Hexes/Summoning              5
   e - Summon Hydra                   Summoning                    7


   Skills:
 - Level 2.0 Fighting
 + Level 8.6 Polearms
 - Level 0.7 Armour
 - Level 0.7 Dodging
 - Level 2.0 Spellcasting
 - Level 2.4 Charms


You had 5 spell levels left.
You knew the following spells:

 Your Spells              Type           Power        Failure   Level  Hunger
a - Infusion              Chrm           #...         12%         1    N/A
b - Shroud of Golubria    Chrm/Tloc      #.........   24%         2    N/A
c - Spectral Weapon       Hex/Chrm       #.......     47%         3    N/A

Dungeon Overview and Level Annotations

Branches:
Dungeon (5/15)             Temple (1/1) D:5

Altars:
Ashenzari
Cheibriados
Dithmenos
Elyvilon
Fedhas
Gozag
Kikubaaqudgha
Makhleb
Nemelex Xobeh
Okawaru
Pakellas
Qazlal
Ru
Sif Muna
Trog
Vehumet
Xom
Yredelemnul
Zin
The Shining One

Shops:
D:5 [


Innate Abilities, Weirdness & Mutations

You do not eat or drink.
Your flesh is vulnerable to fire.
You are immune to poison.
Your flesh is cold resistant.
You are immune to negative energy.
You are immune to unholy pain and torment.
You can survive without breathing.


Message History

Confirm with . or Enter, or press ? or * to list all spells.
Space distorts slightly along a thin shroud covering your body.
Your shroud bends the ogre's attack away!
The centaur shoots an arrow.
The arrow hits you!
The centaur shoots an arrow.
The arrow hits you!
* * * LOW HITPOINT WARNING * * *
You see here 2 arrows.
The ogre barely misses you.
The centaur shoots an arrow.
The arrow hits you.
* * * LOW HITPOINT WARNING * * *
You see here an arrow.
The centaur shoots an arrow.
The arrow hits you.
* * * LOW HITPOINT WARNING * * *
You see here an arrow.
Your shroud begins to fray at the edges.
Read which item? (? for menu, Esc to quit)
Okay, then.
Your shroud unravels.
The centaur shoots an arrow.
The arrow hits you!
You die...
Your body crumbles into a pile of gold.

#
#(.......###...........
#
#.((.....<.#....._.####
# #(##.###.#..........#
#####.##.#
#.#.....⌠....#
.........#
#.#..........#
###.######
#.#.#._.....## #.#
#.#.#.......# #.#
#.#.###.c...#####.# #.#
#.#..@.O..........# #.#
#....######.......# #.#
####.# #.####.##
###.###### ###.# #c#
........... #...# #.#
#.########. #.### #.#
#.# ###.##.########(###
#.#
..............((...#
..#
.###.#####.......#.#


You could see an ogre and a centaur.

Vanquished Creatures
  Grinder (D:5)
  Sigmund (D:5)
  2 ice beasts
  A centaur (D:5)
  A giant frog (D:4)
  A scorpion (D:4)
  A crimson imp (D:2)
  A jelly (D:5)
  Crazy Yiuf (D:3)
  An orc priest (D:4)
  2 giant frog skeletons (D:4)
  2 orc wizards
  Jessica (D:2)
  Terence (D:3)
  An iguana (D:5)
  Ijyb (D:2)
  2 hound skeletons
  A howler monkey zombie (D:5)
  Robin (D:2)
  8 adders
  A shadow imp (D:5)
  An ooze (D:3)
  An adder zombie (D:5)
  4 worms
  A dart slug (D:1)
  3 giant geckos
  4 orcs
  7 giant cockroaches
  13 goblins
  5 hobgoblins
  2 jackals (D:4)
  14 kobolds
  12 bats
  3 giant newts
  A jackal skeleton (D:4)
  4 rats
107 creatures vanquished.

Vanquished Creatures (others)
  A spectral weapon (D:5)
1 creature vanquished.

Grand Total: 108 creatures vanquished

Notes
Turn   | Place    | Note
--------------------------------------------------------------
     0 | D:1      | Alarkh the Mummy Skald began the quest for the Orb.
     0 | D:1      | Reached XP level 1. HP: 16/16 MP: 3/3
   183 | D:1      | Reached skill level 2 in Polearms
   203 | D:1      | Reached XP level 2. HP: 13/22 MP: 0/5
   726 | D:2      | Reached XP level 3. HP: 27/27 MP: 0/6
   732 | D:2      | Noticed Robin
   744 | D:1      | Reached skill level 3 in Polearms
   794 | D:1      | Learned a level 2 spell: Shroud of Golubria
   798 | D:1      | Learned a level 3 spell: Spectral Weapon
  1166 | D:2      | Killed Robin
  1513 | D:2      | Reached XP level 4. HP: 31/33 MP: 4/7
  1531 | D:2      | Noticed Jessica
  1535 | D:2      | Killed Jessica
  1629 | D:2      | Reached skill level 4 in Polearms
  1677 | D:3      | Noticed Ijyb
  1733 | D:2      | Reached XP level 5. HP: 13/38 MP: 2/8
  1962 | D:2      | Killed Ijyb
  2096 | D:3      | Noticed Terence
  2251 | D:3      | Killed Terence
  2290 | D:3      | Noticed an ice beast
  2303 | D:3      | Killed an ice beast
  2303 | D:3      | Reached skill level 5 in Polearms
  2303 | D:3      | Reached XP level 6. HP: 38/44 MP: 2/9
  2404 | D:3      | Noticed Crazy Yiuf
  2416 | D:3      | Killed Crazy Yiuf
  2526 | D:3      | Found a bloodstained altar of Trog.
  2654 | D:4      | Reached skill level 6 in Polearms
  2900 | D:4      | Reached XP level 7. HP: 40/50 MP: 5/10
  3473 | D:5      | Entered Level 5 of the Dungeon
  3473 | D:5      | Found a staircase to the Ecumenical Temple.
  3479 | Temple   | Entered the Ecumenical Temple
  3501 | Temple   | Became a worshipper of Gozag Ym Sagoz the Greedy
  3710 | D:5      | Reached skill level 7 in Polearms
  3905 | Temple   | HP: 2/50 [ice beast (5)]
  4194 | D:5      | Found a stormy altar of Qazlal.
  4194 | D:5      | Noticed Sigmund
  4204 | D:5      | Killed Sigmund
  4204 | D:5      | Reached skill level 8 in Polearms
  4204 | D:5      | Reached XP level 8. HP: 56/56 MP: 1/11
  4207 | D:5      | Found a shattered altar of Ashenzari.
  4207 | D:5      | Found Tesuneiz's Antique Armour Shoppe.
  4230 | D:5      | Noticed Grinder
  4345 | D:5      | Killed Grinder
  4352 | D:5      | Bought a transparent robe for 171 gold pieces
  4362 | D:5      | Identified the +2 robe "Naosu" {Str+4} (You bought it in a shop on level 5 of the Dungeon)
  4423 | D:5      | Shot with an arrow by a centaur

Skill      XL: |  1  2  3  4  5  6  7 |
---------------+----------------------+-----
Polearms       | 2 3 4 5 6 8 |  8.6
Fighting       | |  2.0
Armour         | |  0.7
Dodging        | |  0.7
Spellcasting   | |  2.0
Charms         | |  2.4

Action                   |  1- 3 |  4- 6 |  7- 9 || total
-------------------------+-------+-------+-------++-------
Melee: Spear             |   145 |   204 |   118 ||   467
       Trident           |       |    35 |       ||    35
 Cast: Infusion          |    23 |    26 |    17 ||    66
       Shroud of Golubri |     2 |     3 |     4 ||     9
       Spectral Weapon   |       |       |     2 ||     2
Invok: Potion Petition   |       |       |     1 ||     1
  Use: Scroll            |       |     1 |     4 ||     5
 Stab: Sleeping          |       |     1 |     1 ||     2
Armor: Leather armour    |    32 |    57 |       ||    89
       Robe              |       |     2 |    13 ||    15
Dodge: Dodged            |    70 |   102 |    51 ||   223
